 Dungeon Crawl Stone Soup version 0.31-a0-441-g867994ef1c (webtiles) character file.

Game seed: 6676393691534885495

1055 CraigForest the Cudgeller (level 8, -3/78 HPs)
             Began as a Troll Fighter on Aug 2, 2023.
             Was an Initiate of Qazlal.
             Slain by a gnoll bouda
             ... wielding a +0 club
              (8 damage)
             ... on level 5 of the Dungeon.
             The game lasted 00:16:32 (4353 turns).

CraigForest the Cudgeller (Troll Fighter)           Turns: 4353, Time: 00:16:34

Health: -3/78      AC:  5    Str: 31    XL:     8   Next: 5%
Magic:  0/7        EV:  9    Int:  3    God:    Qazlal [......]
Gold:   281        SH:  8    Dex:  8    Spells: 7/7 levels left

rFire   . . .        a - +0 flail
rCold   . . .        o - +0 kite shield
rNeg    . . .        b - +0 robe
rPois   .            (helmet restricted)
rElec   .            J - +0 cloak
rCorr   .            (gloves unavailable)
SInv    .            (boots unavailable)
Will    .....        p - amulet of guardian spirit
Stlth   +            n - +4 ring of slaying
HPRegen 1.13/turn    y - ring of flight
MPRegen 0.10/turn

%: guardian spirit
@: mighty, flying
A: large, unfitting armour, claws 3, regeneration 1, shaggy fur 1, tough skin 1,
talons 1, strong 1, sturdy frame 1
a: Renounce Religion


You were on level 5 of the Dungeon.
You worshipped Qazlal.
Qazlal was noncommittal.
You visited 2 branches of the dungeon, and saw 6 of its levels.
You also visited: Sewer.

You collected 281 gold pieces.

Inventory:

Hand Weapons
 a - a +0 flail (weapon)
 u - a +3 hand axe
Missiles
 q - 3 javelins
 s - 40 poisoned darts (quivered)
 z - 6 boomerangs
 A - a curare-tipped dart
Armour
 b - a +0 robe (worn)
 c - a +0 kite shield
 o - a +0 kite shield (worn)
 J - a +0 cloak (worn)
Magical Staves
 F - a staff of earth
Jewellery
 n - a +4 ring of slaying (left claw)
 p - an amulet of guardian spirit (around neck)
 y - a ring of flight (right claw)
Scrolls
 e - a scroll of noise {unknown}
 f - a scroll of enchant armour {unknown}
 g - 2 scrolls of immolation {unknown}
 i - a scroll of silence {unknown}
 m - 2 scrolls of fear {unknown}
 r - a scroll of enchant weapon {unknown}
 t - 2 scrolls of fog {unknown}
 C - 4 scrolls of teleportation {unknown}
 E - 3 scrolls of identify
 H - a scroll of blinking {unknown}
Potions
 d - a potion of might
 h - 3 potions of curing
 j - 2 potions of enlightenment
 k - a potion of lignification {unknown}
 l - a potion of mutation
 v - 2 potions of brilliance
 w - a potion of haste {unknown}
 x - a potion of degeneration {unknown}
 B - a potion of heal wounds {unknown}
 D - a potion of cancellation {unknown}
 G - a potion of magic {unknown}


   Skills:
 + Level 4.1 Fighting
 + Level 5.9 Maces & Flails
 + Level 4.2 Dodging
 + Level 4.4 Shields


You had 7 spell levels left.
You didn't know any spells.
Your spell library contained the following spells:

 Spells                   Type           Power      Damage    Failure   Level
 Ignite Poison            Fire/Tmut/Pois 0%         N/A       97%         3
 Sticky Flame             Conj/Fire      0%         2d3       100%        4
 Ignition                 Fire           0%         3d3       100%        8


Dungeon Overview and Level Annotations

Branches:
Dungeon (5/15)             Temple (1/1) D:4           Sewer (visited)

Altars:
Cheibriados
Dithmenos
Fedhas
Gozag
Kikubaaqudgha
Okawaru
Qazlal
Ru
Sif Muna
Wu Jian
Zin
The Shining One

Shops:
D:5 (


Innate Abilities, Weirdness & Mutations

You are too large for most types of armour.
You have claws for hands.
Your natural rate of healing is unusually fast.
You are covered in fur. (AC +1)
You have tough skin. (AC +1)
You have sharp toenails.
Your muscles are strong. (Str +4, Int/Dex -1)
Your movements are slightly less encumbered by armour. (ER -2)


Message History

You kill the gnoll!
Qazlal accepts your kill.
The gnoll hits you from afar with a +0 halberd!
The gnoll bouda barks out a call to the hunt!
The gnolls pick up the pace!
You block the gnoll's attack. The gnoll barely misses you.
The gnoll hits you with a +0 halberd! x2
Things that are here:
a +0 club; a gnoll corpse You hit the gnoll.
The gnoll is moderately wounded.
The gnoll barely misses you. You block the gnoll's attack.
You closely miss the gnoll. Your kick misses the gnoll.
The gnoll is moderately wounded.
You block the gnoll's attack. The gnoll hits you with a +0 halberd!
You barely miss the gnoll.
The gnoll is moderately wounded.
You block the gnoll's attack.
You barely miss the gnoll. Your kick misses the gnoll.
The gnoll is moderately wounded.
The gnoll hits you with a +0 halberd. The gnoll bouda closely misses you.
You block the gnoll's attack. The gnoll hits you with a +0 halberd.
You feel very mighty all of a sudden. The gnoll bouda closely misses you.
The gnoll hits you with a +0 halberd. The gnoll hits you with a +0 halberd!
* * * LOW HITPOINT WARNING * * *
You bludgeon the gnoll!!
You kill the gnoll!
Qazlal accepts your kill.
The gnoll bouda hits you with a +0 club.
* * * LOW HITPOINT WARNING * * *
The gnoll hits you with a +0 halberd!
* * * LOW HITPOINT WARNING * * *
You sock the gnoll! You claw the gnoll.
You kill the gnoll!
Qazlal accepts your kill.
The gnoll bouda hits you with a +0 club!
* * * LOW HITPOINT WARNING * * *
The gnoll bouda hits you with a +0 club!
You die...

### ### #.## #.# ##..#
#.# ###...## ##.#
#.#....# #.## #@)....##
#.# #)g.....###.#
##..........##
#...........#
#...........#
#.............#
................# #
.g................#####
gg........).......##...


You could see a gnoll bouda.

Vanquished Creatures
  Duvessa (D:5)
  5 kobold brigands (Sewer)
  A bullfrog (D:4)
  Dowan (D:5)
  An orc priest (D:4)
  3 hounds
  Crazy Yiuf (D:4)
  Jessica (D:2)
  4 gnolls (D:5)
  5 adders
  10 river rats
  A white imp (D:5)
  3 worms (D:4)
  3 dart slugs
  9 orcs
  9 endoplasms
  10 giant cockroaches
  8 goblins
  6 hobgoblins
  2 quokkas
  13 ball pythons
  6 bats
  5 frilled lizards
  23 kobolds
  23 rats
154 creatures vanquished.

Notes
Turn   | Place    | Note
-------+----------+-------------------------------------------
     0 | D:1      | CraigForest the Troll Fighter began the quest for the Orb.
     0 | D:1      | Reached XP level 1. HP: 22/22 MP: 0/0
   121 | D:1      | Reached XP level 2. HP: 26/29 MP: 1/1
   138 | D:1      | Reached skill level 2 in Maces & Flails
   798 | D:2      | Reached XP level 3. HP: 36/36 MP: 2/2
   868 | D:2      | Noticed Jessica
   876 | D:2      | Killed Jessica
   877 | D:2      | Reached XP level 4. HP: 43/44 MP: 3/3
   882 | D:2      | Found a faded altar of an unknown god.
  1743 | D:3      | Reached skill level 3 in Maces & Flails
  1921 | D:3      | Reached XP level 5. HP: 51/52 MP: 2/4
  2082 | D:3      | Found a blossoming altar of Fedhas.
  2093 | D:3      | Found a glowing drain.
  2120 | Sewer    | Entered a sewer
  2223 | Sewer    | Reached XP level 6. HP: 29/61 MP: 3/5
  2231 | Sewer    | Reached skill level 4 in Maces & Flails
  2473 | Sewer    | Reached XP level 7. HP: 61/67 MP: 6/6
  2886 | D:4      | Gained mutation: Potions are less effective at restoring
                  | your health. [potion of mutation]
  2886 | D:4      | Gained mutation: You occasionally shout uncontrollably at
                  | your foes. [potion of mutation]
  2886 | D:4      | Gained mutation: You have a pair of small antennae on your
                  | head. [potion of mutation]
  2894 | D:4      | Lost mutation: You have a pair of small antennae on your
                  | head. [potion of mutation]
  2894 | D:4      | Lost mutation: You occasionally shout uncontrollably at
                  | your foes. [potion of mutation]
  2894 | D:4      | Lost mutation: Potions are less effective at restoring your
                  | health. [potion of mutation]
  2894 | D:4      | Gained mutation: You have sharp toenails. [potion of
                  | mutation]
  2894 | D:4      | Gained mutation: Your movements are slightly less
                  | encumbered by armour. (ER -2) [potion of mutation]
  2894 | D:4      | Gained mutation: Your muscles are strong. (Str +4, Int/Dex
                  | -1) [potion of mutation]
  3016 | D:4      | Found a staircase to the Ecumenical Temple.
  3025 | D:4      | Reached skill level 5 in Maces & Flails
  3037 | Temple   | Entered the Ecumenical Temple
  3184 | Temple   | Became a worshipper of Qazlal Stormbringer
  3763 | D:4      | Found a runed translucent door.
  3764 | D:4      | Noticed Crazy Yiuf
  3771 | D:4      | Killed Crazy Yiuf
  3825 | D:4      | Found a snail-covered altar of Cheibriados.
  4073 | D:5      | Entered Level 5 of the Dungeon
  4073 | D:5      | Found Veitrium's Weapon Boutique.
  4177 | D:5      | Noticed Duvessa
  4178 | D:5      | Noticed Dowan
  4186 | D:5      | Killed Duvessa
  4194 | D:5      | Killed Dowan
  4195 | D:5      | Reached XP level 8. HP: 63/78 MP: 5/7
  4353 | D:5      | Slain by a gnoll bouda

Illustrated notes

Levels and vault maps discovered:
D:1:      spicycebolla_arrival_xxxplode, layout_loops_ring,
          minmay_curled_crystal
D:2:      layout_basic, nicolae_ecumenical_lake_church, uniq_jessica
D:3:      layout_basic, mainiacjoe_overflow_chevrons, portal_sewer_entry_b,
          minmay_box_of_dots
D:4:      layout_basic, cheibriados_altar_1, minmay_temple_entry_mist,
          uniq_crazy_yiuf_cottage
D:5:      layout_layer_cave, nicolae_stop_n_shop_2, uniq_duvessa
Temple:   chequers_temple_sunken

Skill      XL: |  1  2  3  4  5  6  7 |
---------------+----------------------+-----
Maces & Flails | 2 3 4 5 |  5.9
Shields        | 3 4 |  4.4
Dodging        | 3 4 |  4.2
Fighting       | 3 4 |  4.1

Action                     |  1- 3 |  4- 6 |  7- 9 || total
---------------------------+-------+-------+-------++-------
  Melee: Flail             |   129 |   208 |   107 ||   444
         Kick              |       |       |    21 ||    21
    Use: Scroll            |       |       |     4 ||     4
         Potion            |       |       |     3 ||     3
   Stab: Distracted        |     1 |       |       ||     1
         Sleeping          |       |     1 |       ||     1
 Armour: Robe              |    78 |    64 |    16 ||   158
  Dodge: Dodged            |    75 |   114 |    39 ||   228
  Block: Kite shield       |    73 |   110 |    41 ||   224

Table legend: (Time is in decaauts)
 A = Elapsed time spent in this place.
 B = Non-inter-level travel time spent in this place.
 C = Inter-level travel time spent in this place.
 D = Time resting spent in this place.
 E = Time spent auto-exploring this place.
 F = Levels seen in this place.
 G = Mean time per level.
                   A        B        C        D        E       F      G
               +--------+--------+--------+--------+--------+-----+--------+
         Total |   4505 |   4421 |     84 |    100 |   2589 |   7 |  643.6 |
       Dungeon |   3675 |   3591 |     84 |      0 |   2295 |   5 |  735.0 |
        Temple |    157 |    157 |      0 |    100 |      7 |   1 |  157.0 |
         Sewer |    672 |    672 |      0 |      0 |    287 |   1 |  672.0 |
               +--------+--------+--------+--------+--------+-----+--------+

Top non-repeatable levels by time:
     D:4: 1053 daAuts
     D:2: 877 daAuts
     D:1: 827 daAuts
   Sewer: 672 daAuts
     D:3: 629 daAuts
     D:5: 287 daAuts
  Temple: 157 daAuts
